[Event "Late-Titled-Tuesday-Blitz-May-07-2024"]
[Site "Chess.com"]
[Date "2024.05.07"]
[Round "5"]
[White "TigrVShlyape"]
[Black "Firouzja2003"]
[Result "1/2-1/2"]
[WhiteElo "2967"]
[BlackElo "3189"]
[TimeControl "180+1"]
[EndTime "14:56:17 PDT"]
[Termination "Game drawn by repetition"]

1. d4 Nf6 2. Bf4 d6 3. e3 Nbd7 4. Nf3 Nh5 5. Bg3 e5 6. c3 e4 7.
Nfd2 Nxg3 8. hxg3 d5 9. c4 c6 10. Nc3 Nf6 11. cxd5 cxd5 12. Bb5+ Bd7 13. Qb3 a6 14.
Bxd7+ Qxd7 15. g4 Rd8 16. g5 Ng4 17. Ke2 Be7 18. f3 Bxg5 19. Qxd5 exf3+ 20. gxf3 Qe7 21. Qe4 Nxe3 22. Rag1 Nf5 23. Rxg5 Nxd4+ 24. Kf2 Ne6 25. Rd5 h6 26. Nc4 O-O 27. Ne3 Qc7 28. Rxd8 Rxd8 29.
Ncd5 Qa5 30. Rd1 Re8 31. Qb4 Qd8 32. Qg4 Kf8 33. Nf5 Qa5 34. Qb4+ Qxb4 35. Nxb4 Rc8 36. Rd2 h5 37. Rc2 Rd8 38. Re2 g6 39. Ne3 Nf4 40.
Re1 a5 41. Kg3 g5 42. Nbc2 Rd2 43. Rd1 Re2 44. Re1 Rd2 45. Rd1 Re2 46. Re1 Rd2 1/2-1/2

[Event "Late-Titled-Tuesday-Blitz-May-07-2024"]
[Site "Chess.com"]
[Date "2024.05.07"]
[Round "5"]
[White "azikom"]
[Black "ATM622"]
[Result "0-1"]
[WhiteElo "2742"]
[BlackElo "2537"]
[TimeControl "180+1"]
[EndTime "14:56:18 PDT"]
[Termination "ATM622 won on time"]

1. d4 g6 2. c4 Bg7 3. Nc3 d6 4.
e4 Nd7 5. Bg5 c5 6. d5 h6 7. Be3 Ngf6 8. f3 a6 9. Qd2 Qa5 10. Nh3 Rb8 11. a4 Ne5 12. Nf2 Bd7 13.
Ra3 Qb4 14. Na2 Qxd2+ 15. Bxd2 O-O 16. a5 b5 17. axb6 Rxb6 18. Bc3 Nh5 19. Nc1 Nf4 20. Nd1 Rfb8 21. Kf2 g5 22. h4 g4 23. g3 Nfg6 24.
f4 Nf3 25. Bxg7 Kxg7 26. Bd3 h5 27. Ke3 Nd4 28. Rh2 f5 29. exf5 Bxf5 30. Rg2 Bxd3 31.
Kxd3 Nf5 32. Kc3 Nd4 33. b3 a5 34. Rga2 Kf6 35. Ne3 Nf8 36. Nc2 Nxc2 37. Kxc2 Ng6 38.
Rxa5 Kf5 39. Ne2 Ke4 40. Ra1 Kf3 41. Nc3 Rxb3 0-1

[Event "Late-Titled-Tuesday-Blitz-May-07-2024"]
[Site "Chess.com"]
[Date "2024.05.07"]
[Round "5"]
[White "zverr1"]
[Black "ploxoi"]
[Result "1-0"]
[WhiteElo "2507"]
[BlackElo "2343"]
[TimeControl "180+1"]
[EndTime "14:56:18 PDT"]
[Termination "zverr1 won by resignation"]

1. e4 c6 2. b3 d5 3. Bb2 dxe4 4. Nc3 Nf6 5. Nge2 Bf5 6. Ng3 Bg6 7. Qe2 e6 8. O-O-O Qc7 9. Ncxe4 Nxe4 10. Nxe4 Nd7 11.
h4 O-O-O 12. h5 Bf5 13. Ng5 Nf6 14. f3 Nd5 15. g4 h6 16. gxf5 hxg5 17. fxe6 Nf4 18.
Qe3 Nxe6 19. Qxa7 Bc5 20. Qa8+ Kd7 21. Qa4 Ra8 22. Qe4 Rxa2 23. d4 Ba3 24. Bxa3 Rxa3 25. d5 cxd5 26. Rxd5+ Ke7 27. Qb4+ Kf6 28. Qxa3 Qf4+ 29.
Rd2 Rd8 30. Bd3 Nd4 31. Qa5 Rc8 32. Qb6+ Ke7 33. Qxb7+ Rc7 34. Qe4+ Qxe4 35. Bxe4 Nxb3+ 36. Kd1 Nxd2 37. Kxd2 Rd7+ 38. Bd3 Kf6 39. h6 gxh6 40. Rxh6+ Ke5 41. Ke3 Rc7 42. c4 f5 43. Ra6 f4+ 44.
Kd2 Kd4 45. Rd6+ Ke5 46. Rd5+ Kf6 47. Rf5+ Ke6 48. Rxg5 Rb7 49. Kc3 1-0

[Event "Late-Titled-Tuesday-Blitz-May-07-2024"]
[Site "Chess.com"]
[Date "2024.05.07"]
[Round "5"]
[White "sergiochess83"]
[Black "mishanick"]
[Result "0-1"]
[WhiteElo "2893"]
[BlackElo "3057"]
[TimeControl "180+1"]
[EndTime "14:56:19 PDT"]
[Termination "mishanick won by resignation"]

1. d4 Nf6 2. c4 e6 3. Nc3 Bb4 4. e3 O-O 5. Bd3 d5 6. Nf3 dxc4 7. Bxc4 c5 8. O-O b6 9. Qe2 Bb7 10. Rd1 Bxc3 11. bxc3 Qc7 12. Bd3 Be4 13. c4 Nbd7 14.
Bb2 Qb7 15. Ne1 Rac8 16. Rac1 Rfd8 17. f3 Bxd3 18. Nxd3 cxd4 19. exd4 b5 20. Nc5 Nxc5 21. dxc5 Rxd1+ 22. Rxd1 b4 23. Qe5 Qc6 24. Rd6 Qc7 25.
c6 Ne8 26. c5 a5 27. h4 a4 28. h5 h6 29. Kh1 b3 30. axb3 axb3 31. Kh2 Qb8 32. Kh3 Kf8 33. Qd4 Qc7 34. Qe5 Qe7 35.
Qd4 Qg5 36. Rd7 Qxh5+ 37. Kg3 Qg5+ 38. Kf2 Rxc6 39. Rd8 Qe7 40. Ba3 e5 41. Qd5 b2 42.
Bxb2 Rxc5 43. Rxe8+ Kxe8 44. Qa8+ Qd8 45. Qxd8+ Kxd8 46. Ba3 Rb5 0-1

[Event "Late-Titled-Tuesday-Blitz-May-07-2024"]
[Site "Chess.com"]
[Date "2024.05.07"]
[Round "5"]
[White "SergioMoralesG"]
[Black "Romkachess"]
[Result "0-1"]
[WhiteElo "2469"]
[BlackElo "2617"]
[TimeControl "180+1"]
[EndTime "14:56:20 PDT"]
[Termination "Romkachess won on time"]

1. d4 Nf6 2. c4 e6 3. Nf3 b6 4. g3 Bb7 5. Bg2 Bb4+ 6. Bd2 Be7 7. O-O O-O 8. Re1 c6 9. e4 d5 10. e5 Ne4 11. Nc3 Nxc3 12. Bxc3 dxc4 13. Nd2 b5 14. a3 Nd7 15. b3 cxb3 16. Qxb3 Nb6 17. Bb4 Nd5 18. Ne4 a5 19. Bxe7 Qxe7 20. Nd6 Rfd8 21. Bxd5 exd5 22. Qf3 Bc8 23. Rac1 Bd7 24. Re3 b4 25. Rb3 Rab8 26. Rcb1 f6 27. Qe3 fxe5 28. dxe5 Be6 29. Qd4 Qc7 30. axb4 axb4 31. Qc5 Qb6 32.
Qxb6 Rxb6 33. Rxb4 Rxb4 34. Rxb4 c5 35. Rb5 c4 36. Rc5 h5 37. f4 Kh8 38. f5 Bg8 39.
Kf2 d4 40. Nxc4 d3 41. Nd2 Rf8 42. Ke3 Rxf5 43. Kxd3 Rf2 44. Ne4 Rxh2 45. Ke3 Ra2 46. Rc8 Kh7 47. Ng5+ Kg6 48. Rxg8 Kxg5 49. e6 Kf6 0-1

[Event "Late-Titled-Tuesday-Blitz-May-07-2024"]
[Site "Chess.com"]
[Date "2024.05.07"]
[Round "5"]
[White "Akhayan"]
[Black "SoCalJuniorChess"]
[Result "1-0"]
[WhiteElo "2413"]
[BlackElo "2179"]
[TimeControl "180+1"]
[EndTime "14:56:21 PDT"]
[Termination "Akhayan won by resignation"]

1. e4 d5 2. exd5 Qxd5 3. Nc3 Qd8 4. d4 Nf6 5. Nf3 Bg4 6. h3 Bxf3 7. Qxf3 c6 8. Bg5 Qxd4 9. Be2 e6 10. O-O Be7 11.
Rad1 Qb6 12. Bxf6 Bxf6 13. Ne4 Be7 14. Bd3 Nd7 15. b3 Ne5 16. Qe2 Nxd3 17. Rxd3 Rd8 18. Rxd8+ Qxd8 19. Rd1 Qa5 20. Qg4 Qe5 21. Ng3 Bd6 22.
Qh5 Qxh5 23. Nxh5 Be5 24. f4 Bb2 25. Kf2 Ke7 26. Ke2 Rd8 27. Rxd8 Kxd8 28. Kd3 g6 29.
Ng3 e5 30. f5 Bc1 31. Ke4 Bf4 32. Ne2 g5 33. g3 Bd2 34. Kxe5 Ke7 35. f6+ Kd7 36. g4 b5 37. Kf5 Kd6 38. Ng3 Kd5 39. Ne4 Be3 40. Nxg5 Bxg5 41. Kxg5 Ke5 42. h4 c5 43. h5 a5 44. Kh6 Kxf6 45. Kxh7 Kg5 46. Kg7 Kxg4 47. h6 f5 48. h7 f4 49. h8=Q f3 50.
Qc8+ Kg3 51. Qc7+ Kg2 52. Qc6 Kg3 53. Qg6+ Kf2 54. Kf6 Ke2 55. Qe4+ Kf2 56. Kf5 Kg3 57. Qf4+ 1-0

[Event "Late-Titled-Tuesday-Blitz-May-07-2024"]
[Site "Chess.com"]
[Date "2024.05.07"]
[Round "5"]
[White "Dr_troll"]
[Black "Maitreia"]
[Result "1/2-1/2"]
[WhiteElo "2553"]
[BlackElo "2701"]
[TimeControl "180+1"]
[EndTime "14:56:23 PDT"]
[Termination "Game drawn - insufficient material"]

1. c4 c5 2. g3 Nc6 3. Bg2 g6 4. Nc3 Bg7 5. Nf3 Nf6 6. O-O O-O 7. d4 cxd4 8. Nxd4 Nxd4 9. Qxd4 d6 10. b3 Be6 11.
Qd3 d5 12. Ba3 dxc4 13. bxc4 Ng4 14. Rac1 Qxd3 15. exd3 Ne5 16. Rfd1 Bg4 17. Rd2 Nf3+ 18. Bxf3 Bxf3 19. Rb2 Rfd8 20. Rb3 Rxd3 21. Nd5 Rxb3 22. Nxe7+ Kh8 23. axb3 Rd8 24. Nd5 h5 25. h3 Rd7 26.
g4 hxg4 27. hxg4 Bxg4 28. Re1 Bf3 29. Ne7 Bf6 30. Re3 Bxe7 31. Bxe7 Kg7 32. Bc5 Bc6 33. Bxa7 f5 34. Bb8 Kf6 35. Be5+ Kg5 36. Rg3+ Kh6 37.
f4 Kh7 38. Kf2 Rd2+ 39. Ke3 Rh2 40. Kd4 Kh6 41. b4 Kh5 42. b5 Be4 43. Kc5 Rc2 44. Kb4 Rg2 45. Rh3+ Kg4 46. Rh6 Kf3 47. c5 g5 48. fxg5 Rxg5 49. c6 bxc6 50. bxc6 Rg8 51. c7 Ke3 52. Kc5 f4 53. Kb6 f3 54. Rh8 Rxh8 55.
Bxh8 Bf5 56. Kc5 f2 57. Bd4+ Ke2 58. Bxf2 Kxf2 59. c8=Q Bxc8 1/2-1/2

[Event "Late-Titled-Tuesday-Blitz-May-07-2024"]
[Site "Chess.com"]
[Date "2024.05.07"]
[Round "5"]
[White "LiemLe"]
[Black "pouya21"]
[Result "0-1"]
[WhiteElo "3060"]
[BlackElo "2847"]
[TimeControl "180+1"]
[EndTime "14:56:24 PDT"]
[Termination "pouya21 won by resignation"]

1. Nf3 d5 2. e3 c5 3. b3 Nf6 4.
Bb2 g6 5. Bb5+ Bd7 6. c4 Bxb5 7.
cxb5 Bg7 8. O-O O-O 9. d3 a6 10. bxa6 Rxa6 11. a4 Nc6 12. Na3 e6 13. Qe2 Re8 14.
Rfc1 Nd7 15. h3 Bxb2 16. Qxb2 Nb4 17. Qd2 b6 18. Nb5 Qb8 19. d4 Ra8 20. Rc3 Nf6 21.
Rcc1 Nd7 22. Ne1 Nc6 23. Nd3 Na5 24. Rab1 c4 25. bxc4 Nxc4 26. Qd1 Rc8 27. Rc3 Nf6 28. Rcb3 Rxa4 29. Nb2 Nxb2 30. R3xb2 Ra5 31. f3 Qg3 32. Qe1 Qxe1+ 33. Rxe1 Rc6 34. Kf2 h5 35. h4 Kg7 36.
Ke2 Ne8 37. Reb1 Ra6 38. Kd2 Nd6 39. Nxd6 Rxd6 40. Rc1 Ra7 41. Rc8 Rb7 42. Kc3 b5 43.
Ra2 b4+ 44. Kb3 Rdd7 45. Rac2 Rb6 46. Ra8 Rbb7 47. Rc5 Ra7 48. Rxa7 Rxa7 49. Rc2 Ra1 50. Kxb4 Re1 51. e4 dxe4 52. Kc4 exf3 53. gxf3 Re3 54. Rf2 Kf6 55. d5 exd5+ 56. Kxd5 Kf5 57. Kd4 Kf4 58. Ra2 Rxf3 59. Ra7 Kg4 60. Ke5 Rf5+ 61. Ke4 Kxh4 0-1

[Event "Late-Titled-Tuesday-Blitz-May-07-2024"]
[Site "Chess.com"]
[Date "2024.05.07"]
[Round "5"]
[White "Pidzsy"]
[Black "banjadvorovi"]
[Result "0-1"]
[WhiteElo "2578"]
[BlackElo "2493"]
[TimeControl "180+1"]
[EndTime "14:56:24 PDT"]
[Termination "banjadvorovi won by resignation"]

1. g3 Nf6 2. Bg2 e5 3. c4 g6 4. Nc3 Bg7 5. e4 O-O 6. Nge2 c5 7. d3 Ne8 8. Nd5 d6 9. O-O Nc6 10. f4 exf4 11. Bxf4 Bxb2 12. Bh6 Bg7 13. Bxg7 Kxg7 14. Rf2 Ne7 15. Qd2 Be6 16. Qb2+ f6 17. Qxb7 Rf7 18.
Qb2 Rb8 19. Qc3 Nc6 20. Raf1 Ne5 21. Nef4 Bxd5 22. exd5 Nc7 23. Bh3 f5 24. d4 cxd4 25. Qxd4 Qf6 26. Rd2 Re8 27. Bg2 Kg8 28. c5 dxc5 29.
Qxc5 Rd8 30. d6 Na6 31. Qa5 Nc4 32. Qxa6 Nxd2 33. Rd1 Rxd6 34. Qe2 Ne4 35. Rxd6 Qxd6 36. Bxe4 Qd4+ 37. Kf1 Qxe4 38. Qb5 Re7 39. Qb3+ Kg7 40. Qc3+ Qe5 41. Qd2 Rc7 42. h4 Qc3 43. Ne6+ Kf6 44. Qd6 Qc1+ 45. Kg2 Rc2+ 46. Kf3 Qf1+ 47. Ke3 Re2+ 48.
Kd4 Qd1+ 49. Kc5 Qxd6+ 50. Kxd6 Rxe6+ 0-1

[Event "Late-Titled-Tuesday-Blitz-May-07-2024"]
[Site "Chess.com"]
[Date "2024.05.07"]
[Round "5"]
[White "PawnEatingZombie"]
[Black "gabduschew"]
[Result "0-1"]
[WhiteElo "2254"]
[BlackElo "2440"]
[TimeControl "180+1"]
[EndTime "14:56:24 PDT"]
[Termination "gabduschew won by resignation"]

1. e4 e5 2. Nf3 d5 3. exd5 e4 4.
Ne5 Qxd5 5. d4 exd3 6. Nxd3 Nc6 7. Nc3 Qd8 8. Be2 Nf6 9. O-O Bd6 10. Re1 O-O 11.
Be3 a6 12. h3 Bf5 13. Qd2 Re8 14. Rad1 Qe7 15. Bf1 Qd7 16. Qc1 h6 17. a3 Rad8 18.
Nf4 Ne5 19. Be2 Qc8 20. Ncd5 Ne4 21. c4 c6 22. Nb6 Qb8 23. c5 Bc7 24. Nd3 Nxd3 25.
Bxd3 Rxd3 26. Rxd3 Nxf2 27. Bxf2 Bxd3 28. Rxe8+ Qxe8 29. Qe3 Qxe3 30. Bxe3 Be5 31. b4 Bb2 32. a4 Bc3 33. Nc8 Bxb4 34. Nd6 Kf8 35. Nxb7 Ke7 36. Bd4 g5 37. Kf2 f5 38. Ke3 Be4 39. g3 Ke6 40. h4 a5 41. Nd6 Ba3 42. Nc4 Bc1+ 43. Ke2 f4 44. gxf4 Bxf4 45. Nxa5 Kd5 46. Be3 Bxe3 47.
Kxe3 gxh4 48. Kf4 h3 49. Kg3 Kxc5 50. Nb3+ Kb4 51. Nd2 Bg2 52. a5 Kxa5 0-1

[Event "Late-Titled-Tuesday-Blitz-May-07-2024"]
[Site "Chess.com"]
[Date "2024.05.07"]
[Round "5"]
[White "Rodalquilar"]
[Black "m_ezat"]
[Result "1-0"]
[WhiteElo "2769"]
[BlackElo "2572"]
[TimeControl "180+1"]
[EndTime "14:56:27 PDT"]
[Termination "Rodalquilar won by checkmate"]

1. d4 Nf6 2. Nf3 g6 3. Bf4 Bg7 4. e3 O-O 5. Be2 d6 6. O-O Nfd7 7. e4 e5 8. Bg5 Qe8 9. Nc3 c6 10. dxe5 dxe5 11. Qd6 f6 12. Bc4+ Kh8 13. Be3 Nb6 14.
Bb3 Bg4 15. a4 Na6 16. a5 Rd8 17. Qa3 Nc8 18. Rfd1 Rxd1+ 19. Rxd1 Be6 20. Na4 Rg8 21. Nc5 Nxc5 22. Bxc5 b6 23. axb6 axb6 24. Be3 Bf8 25.
Qa2 Bxb3 26. Qxb3 Nd6 27. Qxb6 Nxe4 28. Qc7 Rg7 29. Qd8 Qxd8 30. Rxd8 Rg8 31. Rc8 c5 32. Ne1 c4 33. Rxc4 Nd6 34. Rc6 Be7 35. Nd3 Rd8 36.
f3 Kg8 37. Rc7 Kf8 38. Bc5 Nf5 39. Bxe7+ Nxe7 40. b4 h5 41. b5 Nd5 42. Rh7 Rd6 43. Nc5 Nc3 44. b6 Rd1+ 45. Kf2 Rb1 46. b7 Kg8 47. Rc7 Nd5 48. Rc8+ Kf7 49. b8=Q Rxb8 50. Rxb8 Nf4 51. Rb7+ Kf8 52. g3 Nd5 53. c4 Kg8 54.
cxd5 Kf8 55. d6 Ke8 56. Ne6 f5 57. Re7# 1-0

[Event "Late-Titled-Tuesday-Blitz-May-07-2024"]
[Site "Chess.com"]
[Date "2024.05.07"]
[Round "5"]
[White "klimkoj"]
[Black "BogdanDeac"]
[Result "1-0"]
[WhiteElo "2963"]
[BlackElo "3116"]
[TimeControl "180+1"]
[EndTime "14:56:30 PDT"]
[Termination "klimkoj won by resignation"]

1. e4 c5 2. Nf3 e6 3. d4 cxd4 4. Nxd4 Nc6 5. Nc3 Qc7 6. Be2 Nf6 7. O-O Be7 8. Be3 O-O 9. f4 d6 10. Kh1 Nxd4 11. Bxd4 b6 12. Qe1 Nd7 13. Rd1 Bb7 14.
Qg3 e5 15. Be3 exf4 16. Bxf4 Ne5 17. Rd2 a6 18. Rfd1 Rfd8 19. Be3 b5 20. Qf2 Re8 21. Bb6 Qc8 22. Bd4 Bf6 23. Be3 Be7 24. a4 b4 25. Nd5 Bxd5 26. exd5 Bf6 27. Bd4 Qc7 28. c3 bxc3 29. Bxc3 Nd7 30. Rd3 Bxc3 31. Rxc3 Qb8 32. Bf1 Qb4 33. Rc4 Qb8 34. b4 Ne5 35. Rf4 Qb7 36.
h3 Rec8 37. b5 axb5 38. Bxb5 Rc3 39. Re4 Qc7 40. Re3 Rd8 41. Rxc3 Qxc3 42. Qd4 Qxd4 43. Rxd4 Ra8 44. Rd2 Kf8 45. Rc2 Ra7 46. Rc8+ Ke7 47. Kh2 h5 48. Kg3 g6 49. Kf4 Nd7 50. Rc4 Nb6 51.
Rd4 Nd7 52. Ke3 Nc5 53. Rc4 Kf6 54. Kd4 Kf5 55. Rxc5 dxc5+ 56. Kxc5 Ke5 57. Bc6 f5 58. Kb6 Re7 59. a5 Kd6 60. a6 Re2 61. a7 Ra2 62. h4 f4 63. a8=Q Rxa8 64. Bxa8 1-0

[Event "Late-Titled-Tuesday-Blitz-May-07-2024"]
[Site "Chess.com"]
[Date "2024.05.07"]
[Round "5"]
[White "LUISMIGUELOV"]
[Black "Hakiki_satranc"]
[Result "0-1"]
[WhiteElo "2206"]
[BlackElo "2410"]
[TimeControl "180+1"]
[EndTime "14:56:31 PDT"]
[Termination "Hakiki_satranc won on time"]

1. d4 Nf6 2. c3 c5 3. dxc5 e5 4. Be3 Qc7 5. Nf3 Bxc5 6. Bxc5 Qxc5 7. e3 O-O 8. Nbd2 Nc6 9. Be2 d5 10. O-O h6 11. h3 Be6 12. Nb3 Qb6 13. Qc2 Rac8 14.
Rfe1 Rfd8 15. Rad1 a5 16. Nbd2 e4 17. Nd4 Nxd4 18. exd4 Qxd4 19. Bg4 Qb6 20. Bxe6 fxe6 21. Nb3 Rf8 22. Nd4 Rce8 23. a3 Qc7 24. b4 axb4 25.
axb4 Qf4 26. Re3 e5 27. Ne2 Qg5 28. Rg3 Qf5 29. Qb3 Kh8 30. Rd2 Ra8 31. c4 Ra1+ 32. Kh2 Qxf2 33. cxd5 Re1 34. Qe3 Qxe3 35. Rxe3 Rd8 36.
d6 Kg8 37. Rc3 Kf7 38. Rc7+ Rd7 39. Ng3 e3 40. Rdc2 Rd1 41. Nf5 Ke6 42. Nxe3 R1xd6 43. R2c5 b6 44. Rxd7 Nxd7 45. Rb5 h5 46. Nc4 Rc6 47.
Ne3 Rc3 48. Nd5 Rb3 49. Nxb6 Nf6 50. Nc4 e4 51. Ne5 h4 52. Kg1 Rb2 53. Kf1 e3 54. Nf3 Rf2+ 0-1

[Event "Late-Titled-Tuesday-Blitz-May-07-2024"]
[Site "Chess.com"]
[Date "2024.05.07"]
[Round "5"]
[White "Revan_2002"]
[Black "Harsha_Bharathakoti"]
[Result "1-0"]
[WhiteElo "2739"]
[BlackElo "2936"]
[TimeControl "180+1"]
[EndTime "14:56:32 PDT"]
[Termination "Revan_2002 won by resignation"]

1. Nf3 g6 2. d4 Bg7 3. c4 d6 4. Nc3 e5 5. e3 Nc6 6. Be2 exd4 7. exd4 Bg4 8. d5 Bxf3 9. Bxf3 Ne5 10. O-O Ne7 11. Bg5 O-O 12. Be2 h6 13. Bh4 f5 14. f4 Nf7 15. Bd3 Re8 16. Re1 Qd7 17.
Kh1 Kh7 18. Qb3 c6 19. Re2 Ng8 20. Rae1 Rxe2 21. Rxe2 c5 22. Re6 Re8 23. Qb5 Qxb5 24. Nxb5 Rc8 25. Nxd6 Nxd6 26. Rxd6 Bxb2 27. Rd7+ Kh8 28.
Rxb7 Bf6 29. Bf2 Bd4 30. Kg1 Nf6 31. h3 Nh5 32. g3 Nxg3 33. Bxd4+ cxd4 34. d6 Nh5 35. d7 Rd8 36. c5 Nf6 37. c6 Nd5 38. c7 Nxc7 39. Rxc7 Kg7 40. Bb5 Kf6 41. Rc8 Ke7 42. Rxd8 Kxd8 43. Kf2 g5 44. Kf3 a5 45. a4 Ke7 46. Bd3 Kxd7 47. Bxf5+ Kd6 48. fxg5 hxg5 49.
Kg4 Kc5 50. Kxg5 Kb4 51. h4 Kxa4 52. h5 Kb3 53. h6 a4 54. h7 a3 55. h8=Q Kc3 56. Qc8+ 1-0

[Event "Late-Titled-Tuesday-Blitz-May-07-2024"]
[Site "Chess.com"]
[Date "2024.05.07"]
[Round "5"]
[White "Statham_01"]
[Black "Chessbard1972"]
[Result "1-0"]
[WhiteElo "2629"]
[BlackElo "2329"]
[TimeControl "180+1"]
[EndTime "14:56:34 PDT"]
[Termination "Statham_01 won on time"]

1. Na3 e5 2. Nc4 Nc6 3. e4 Nf6 4. d3 Bc5 5. Nf3 h6 6. Nfxe5 O-O 7. Nxc6 bxc6 8. Be3 Bxe3 9. Nxe3 d5 10. e5 Nd7 11. d4 Re8 12. Bd3 f6 13. f4 fxe5 14. fxe5 Rf8 15. Qh5 Rf4 16. O-O-O Nf8 17. Rhf1 Qg5 18.
Qxg5 hxg5 19. g3 Rxf1 20. Rxf1 Be6 21. c3 c5 22. Bf5 cxd4 23. cxd4 c5 24. dxc5 d4 25.
Nc2 Rc8 26. b4 Rd8 27. Kd2 a5 28. a3 Bc4 29. Bd3 Be6 30. Re1 axb4 31. axb4 Bb3 32. Re4 Ne6 33. c6 Bd5 34. c7 Rc8 35. Rg4 Bf3 36.
Rxd4 Nxd4 37. Nxd4 Bd5 38. Nb5 Be6 39. Be4 Bd7 40.
Bb7 Re8 41. Nd6 Rxe5 42. Bc6 Bg4 43. b5 Rc5 44. Kd3 Kf8 45. Kd4 Rc1 46. Bd5 Ke7 47. Nb7 Kd7 48. Nc5+ Kxc7 49. Nd3 Rd1 50. Kc3 1-0

[Event "Late-Titled-Tuesday-Blitz-May-07-2024"]
[Site "Chess.com"]
[Date "2024.05.07"]
[Round "5"]
[White "Arek_pacitan"]
[Black "Szparu"]
[Result "1-0"]
[WhiteElo "2738"]
[BlackElo "2907"]
[TimeControl "180+1"]
[EndTime "14:56:37 PDT"]
[Termination "Arek_pacitan won by checkmate"]

1. d4 d5 2. c4 c6 3. cxd5 cxd5 4. Nc3 Nc6 5. e4 Nf6 6. e5 Ne4 7. Nf3 Bf5 8. Bb5 e6 9. O-O Be7 10. Be3 O-O 11. h3 Nxc3 12. bxc3 Rc8 13. Nd2 Qa5 14. c4 dxc4 15. Bxc4 Rfd8 16. Nb3 Qa4 17. Qe2 a6 18.
Nc5 Bxc5 19. dxc5 Nd4 20. Bxd4 Rxd4 21. Rac1 Rxc5 22. Bb3 Qa3 23. Qe3 Rxc1 24. Rxc1 Rd8 25. Rc7 h6 26. Bxe6 Rd1+ 27. Kh2 Qxe3 28. Rc8+ Kh7 29.
Bxf5+ g6 30. fxe3 gxf5 31. Rc7 Kg6 32. Rxb7 Rd5 33. Rb6+ Kg7 34. Rxa6 Rxe5 35. Ra3 Re4 36. Kg3 Kg6 37. Kf3 h5 38. Ra6+ f6 39. a4 Kg5 40.
Ra8 Rb4 41. a5 Ra4 42. a6 Kg6 43. g3 h4 44. a7 Kg7 45. gxh4 Kh7 46. h5 Kg7 47.
h6+ Kh7 48. h4 Ra3 49. Kf4 Ra5 50. h5 Ra3 51. Kxf5 Ra6 52. e4 Ra5+ 53. Kxf6 Ra6+ 54. Kf5 Ra5+ 55. e5 Ra6 56. e6 Ra1 57. e7 Ra2 58. Rh8+ Kxh8 59. e8=Q+ Kh7 60. Qg6+ Kh8 61. Qg7# 1-0

[Event "Late-Titled-Tuesday-Blitz-May-07-2024"]
[Site "Chess.com"]
[Date "2024.05.07"]
[Round "5"]
[White "ChEsper99"]
[Black "GMMikhailKazakov"]
[Result "0-1"]
[WhiteElo "2295"]
[BlackElo "2510"]
[TimeControl "180+1"]
[EndTime "14:56:37 PDT"]
[Termination "GMMikhailKazakov won by resignation"]

1. Nf3 c5 2. g3 Nc6 3. c4 g6 4. Bg2 Bg7 5. O-O e6 6. e3 Nge7 7. d4 cxd4 8. Nxd4 Nxd4 9. exd4 d5 10. cxd5 Nxd5 11. Nc3 Nxc3 12. bxc3 O-O 13. Qb3 Qc7 14.
Re1 e5 15. d5 Bd7 16. Ba3 Rfc8 17. d6 Qxc3 18. Bxb7 Rab8 19. Rab1 Qxb3 20. Rxb3 Rd8 21.
Bc5 Be6 22. Rb4 a5 23. Rb6 Bxa2 24. Ra1 Bd5 25. Bxd5 Rxb6 26. Bxb6 Rxd6 27. Bxf7+ Kxf7 28. Bxa5 Ke6 29. Ra2 Ra6 30. Ra3 Bf8 31. Bb4 Rxa3 32. Bxf8 Ra2 33. Kg2 e4 34. Bh6 Kf5 35. Be3 h5 36. h4 Kg4 37. Bb6 Ra3 38. Be3 Rb3 39. Bg5 Rf3 40. Bh6 Rf5 41. Be3 Rd5 42. Bh6 Rd3 43.
Bf4 Kf5 44. Bh6 Ke6 45. Bf4 Kd5 46. Bh6 Kc4 47. Bf4 Rf3 48. Bh6 Kd3 49. Bg5 Ke2 50. Be3 Rxe3 51. fxe3 Kxe3 0-1

[Event "Late-Titled-Tuesday-Blitz-May-07-2024"]
[Site "Chess.com"]
[Date "2024.05.07"]
[Round "5"]
[White "penguingm1"]
[Black "prime-morty"]
[Result "1-0"]
[WhiteElo "2900"]
[BlackElo "2709"]
[TimeControl "180+1"]
[EndTime "14:56:39 PDT"]
[Termination "penguingm1 won by checkmate"]

1. d4 d5 2. Bf4 c5 3. e3 cxd4 4. exd4 Nc6 5. Nf3 Bg4 6. Nbd2 e6 7. c3 Bd6 8. Bxd6 Qxd6 9. Qb3 Nge7 10. Bd3 O-O 11. O-O f6 12. Rfe1 Kh8 13. Qc2 e5 14. Bxh7 e4 15. Nxe4 dxe4 16. Bxe4 f5 17. Bxc6 Nxc6 18.
Ng5 Qg6 19. f4 Rae8 20. d5 Nd8 21. h3 Bh5 22. Kh1 Qb6 23. Qd2 Rxe1+ 24. Rxe1 Re8 25. Rxe8+ Bxe8 26. Qe2 Qb5 27. Qe7 Qf1+ 28. Kh2 Qxf4+ 29. Kg1 Qc1+ 30. Kh2 Qf4+ 31. Kg1 Qc1+ 32. Kf2 Qxb2+ 33. Kg3 Qxc3+ 34. Nf3 Qf6 35. Qxe8+ Kh7 36. h4 Nf7 37.
Qe6 Qxe6 38. dxe6 Nd6 39. Kf4 Kg6 40. Ke5 Nc4+ 41. Kd5 Nb6+ 42. Kd6 Kf6 43. Ng5 Nc8+ 44. Kd7 Nb6+ 45. Kc7 Nd5+ 46. Kd6 Nb6 47. g3 a5 48. Kc7 Nd5+ 49. Kxb7 f4 50. gxf4 Nxf4 51. Kb6 Ng2 52. Kxa5 Nxh4 53. Kb6 Nf5 54. a4 Kxg5 55.
a5 Nd6 56. Kc6 Nc8 57. Kd7 Kf6 58. Kxc8 Kxe6 59. a6 g5 60. a7 Kf5 61. a8=Q Kf4 62. Qg2 g4 63. Kd7 g3 64. Ke6 Kg4 65. Ke5 Kg5 66. Qxg3+ Kh5 67. Kf6 Kh6 68. Qh4# 1-0

[Event "Late-Titled-Tuesday-Blitz-May-07-2024"]
[Site "Chess.com"]
[Date "2024.05.07"]
[Round "5"]
[White "lluiss"]
[Black "Walter_White_Poland"]
[Result "1-0"]
[WhiteElo "2235"]
[BlackElo "2413"]
[TimeControl "180+1"]
[EndTime "14:56:41 PDT"]
[Termination "lluiss won on time"]

1. Nf3 d5 2. d4 Nf6 3. c4 e6 4.
cxd5 exd5 5. Nc3 c6 6. Qc2 g6 7. Bg5 Be7 8. e3 Bf5 9. Bd3 Bxd3 10. Qxd3 h6 11. Bf4 Nbd7 12. h3 Nb6 13. O-O O-O 14.
Bxh6 Re8 15. Bg5 Ne4 16. Bxe7 Qxe7 17. Ne5 Nd7 18. Nxe4 Nxe5 19. dxe5 dxe4 20. Qxe4 Qxe5 21. Qxe5 Rxe5 22. Rfd1 Rb5 23. b3 a5 24. Rd4 c5 25.
Rd5 a4 26. b4 Rxb4 27. Rxc5 Rd8 28. Rc2 Rd3 29. Rac1 Ra3 30. Kf1 b5 31. Ke2 Kg7 32. Rd2 Re4 33. Rcc2 b4 34. Rd3 b3 35. axb3 axb3 36.
Rb2 Rb4 37. Kf3 Rb5 38. g4 Kh6 39. Kg3 f6 40. h4 f5 41. f3 fxg4 42. fxg4 Rb4 43.
Rd4 Rxd4 44. exd4 Ra4 45. Rxb3 Rxd4 46. Rf3 Kg7 47. Rc3 Rb4 48. Rc7+ Kf6 49. Rc6+ Kf7 50. Rc3 Rd4 51. Rf3+ Kg7 52. Kh3 Rb4 53. Kg3 Ra4 54. Re3 Rb4 55. Rd3 Ra4 56. Rd7+ Kf6 57. g5+ Ke6 58.
Rd3 1-0

[Event "Late-Titled-Tuesday-Blitz-May-07-2024"]
[Site "Chess.com"]
[Date "2024.05.07"]
[Round "5"]
[White "Supelyel"]
[Black "Naoki"]
[Result "1/2-1/2"]
[WhiteElo "2416"]
[BlackElo "2578"]
[TimeControl "180+1"]
[EndTime "14:56:42 PDT"]
[Termination "Game drawn by repetition"]

1. c4 Nf6 2. Nc3 g6 3. g3 Bg7 4.
Bg2 O-O 5. Nf3 d6 6. O-O Nc6 7.
d3 e5 8. Bg5 h6 9. Bxf6 Qxf6 10.
Rb1 a5 11. a3 Qd8 12. b4 axb4 13. axb4 Ne7 14. b5 c6 15. bxc6 bxc6 16. Nd2 d5 17.
Qc2 Be6 18. Rb7 Nf5 19. e3 Nd6 20. cxd5 cxd5 21. Rb2 Rc8 22. Qb3 d4 23. Nd5 dxe3 24. fxe3 e4 25. dxe4 Bxb2 26. Qxb2 Bxd5 27. exd5 Qg5 28.
Rf4 Rc5 29. Qb6 Rc1+ 30. Kf2 Rc2 31. Qxd6 Rxd2+ 32. Kg1 Qh5 33. Qf6 Qd1+ 34. Rf1 Qe2 35. Qf3 Qxf3 36. Bxf3 f5 37. Rf2 Rd3 38. Re2 Re8 39.
Kf2 Kg7 40. h4 Kf6 41. Bg2 Re5 42. Bf3 g5 43. hxg5+ hxg5 44. Bg2 Ra3 45. Re1 Ke7 46. Re2 Kd6 47. Re1 Re8 48. Bh3 Ke5 49. Bg2 Rb8 50. Re2 Rbb3 51. Bf3 Rc3 52. Bg2 Ra4 53. Rd2 Rac4 54. d6 Rc2 55. Ke2 Rxd2+ 56. Kxd2 Kxd6 57. Kd3 Ra4 58. Bf3 Ke5 59. Ke2 Ra2+ 60. Kd3 Rf2 61. Bc6 Rf1 62. Ke2 Rc1 63. Bb7 Rc2+ 64. Kd3 Rf2 65. Bc6 Kd6 66. Bb7 Ke5 67. Bc6 1/2-1/2

[Event "Late-Titled-Tuesday-Blitz-May-07-2024"]
[Site "Chess.com"]
[Date "2024.05.07"]
[Round "5"]
[White "boguszp"]
[Black "IraZyne"]
[Result "1-0"]
[WhiteElo "2039"]
[BlackElo "2298"]
[TimeControl "180+1"]
[EndTime "14:56:42 PDT"]
[Termination "boguszp won by checkmate"]

1. d4 c5 2. c3 d5 3. Nf3 Nc6 4. Bf4 Bg4 5. e3 e6 6. Nbd2 Nf6 7. Bd3 Be7 8. O-O O-O 9. h3 Bh5 10. Qc2 Bg6 11. Ne5 Rc8 12. Nxg6 hxg6 13. dxc5 Bxc5 14. Rad1 Bd6 15. Bxd6 Qxd6 16. e4 Nb4 17. Qb1 Nxd3 18. Qxd3 Qf4 19. g3 dxe4 20. Qe2 Qf5 21. Rfe1 Qxh3 22. Nxe4 Ng4 23. f3 Ne5 24. Qg2 Qxg2+ 25. Kxg2 Nc4 26. b3 Nb6 27. c4 Rc7 28. Rd3 a5 29.
Red1 a4 30. Rd6 Nc8 31. Rd7 Rxd7 32. Rxd7 axb3 33. axb3 b6 34. b4 Re8 35. Kf2 Kf8 36.
Ke3 Ne7 37. g4 Nc6 38. b5 Ne5 39. Rc7 Rd8 40. Nf2 Rd6 41. f4 Nd7 42. Ne4 Rd1 43. Nc3 Rd6 44. Ne4 Rd1 45. Nf2 Rd6 46. Rb7 Nc5 47. Rb8+ Ke7 48. Ne4 Nxe4 49. Kxe4 f6 50. Rb7+ Kf8 51. Rc7 g5 52. fxg5 e5 53. c5 bxc5 54.
Rxc5 Rd4+ 55. Kf5 Rf4+ 56. Ke6 fxg5 57. Rc8# 1-0